[Event "ICC tourney 2130 (75 10)"]
[Site "Internet Chess Club"]
[Date "2020.11.14"]
[Round "1"]
[White "collywog"]
[Black "Ldon22"]
[Result "1-0"]
[ICCResult "Black checkmated"]
[WhiteElo "1074"]
[BlackElo "751"]
[Opening "Sicilian defense"]
[ECO "B20"]
[NIC "SI.48"]
[Time "10:02:21"]
[TimeControl "4500+10"]

1. e4 c5 2. Bc4 Nc6 3. Nc3 e6 4. d3 Nf6 5. Nf3 d5 6. Bb5 d4 7. Ne2 Qa5+ 8.
Bd2 Qxb5 9. b3 e5 10. O-O Bg4 11. a4 Qb6 12. Ng3 h6 13. h3 Be6 14. Re1 Be7
15. Nf5 Bxf5 16. exf5 Bd6 17. Bf4 Qc7 18. Qe2 Nd7 19. Bh2 O-O 20. Nd2 Rfe8
21. Ne4 Qb8 22. Qf3 Be7 23. Qh5 Nf6 24. Nxf6+ Bxf6 25. g4 Nb4 26. Re2 Qd8
27. Rae1 Qd5 28. f4 Nc6 29. h4 Qf3 30. fxe5 Bd8 31. e6 Qd5 32. exf7+ Qxf7
33. Rxe8+ Qf8 34. Rxf8+ Kxf8 35. Re8# {Black checkmated} 1-0

[Event "ICC tourney 2130 (75 10)"]
[Site "Internet Chess Club"]
[Date "2020.11.14"]
[Round "1"]
[White "drewmartin"]
[Black "johnzabraham"]
[Result "1-0"]
[ICCResult "Black checkmated"]
[WhiteElo "483"]
[BlackElo "1062"]
[Opening "French defense"]
[ECO "C00"]
[NIC "FR.01"]
[Time "10:02:42"]
[TimeControl "4500+10"]

1. e4 e6 2. Nc3 d5 3. f3 Bc5 4. d4 Bb6 5. Nge2 Nf6 6. Bg5 h6 7. Bxf6 gxf6 8.
Nf4 c6 9. exd5 cxd5 10. Bb5+ Bd7 11. Qe2 Bxb5 12. Nxb5 Nc6 13. O-O-O Qd7 14.
b3 O-O-O 15. Rhe1 Kb8 16. c4 a6 17. cxd5 exd5 18. Nc3 Nxd4 19. Qd2 Rc8 20.
Kb2 Ba5 21. Nfxd5 Qxd5 22. Nxd5 Bxd2 23. Rxd2 Nb5 24. a4 Nc7 25. Nxf6 Ne6
26. Nd7+ Kc7 27. Rc1+ Kd8 28. Nb6+ Ke7 29. Nxc8+ Kf6 30. Nd6 Kg6 31. g4 Rd8
32. h4 Kh7 33. Rc4 b5 34. axb5 axb5 35. Re4 Rd7 36. f4 Nc5 37. Re5 Ne6 38.
f5 Ng7 39. g5 h5 40. Rxb5 Ne8 41. Rb6 Ng7 42. Rg2 Kh8 43. Rb8+ Kh7 44. g6+
fxg6 45. fxg6+ Kh6 46. Rh8# {Black checkmated} 1-0

[Event "ICC tourney 2130 (75 10)"]
[Site "Internet Chess Club"]
[Date "2020.11.14"]
[Round "1"]
[White "tundrarules"]
[Black "Ashish0406"]
[Result "1-0"]
[ICCResult "Black checkmated"]
[WhiteElo "1102"]
[BlackElo "827"]
[Opening "Giuoco Piano"]
[ECO "C50"]
[NIC "IG.02"]
[Time "10:02:28"]
[TimeControl "4500+10"]

1. e4 e5 2. Nf3 Nc6 3. Bc4 Bc5 4. Nc3 d6 5. d3 Bg4 6. h3 Bh5 7. Nd5 Nd4 8.
g4 Bg6 9. Nxd4 Bxd4 10. c3 Bb6 11. h4 h6 12. h5 Bh7 13. Nxb6 axb6 14. Qf3
Qf6 15. Qe2 Ne7 16. Rh3 Nc6 17. Rf3 Qe7 18. Rxf7 Qh4 19. Rxc7 Na5 20. Bd5
Qf6 21. Bxb7 Rb8 22. Bc6+ Kd8 23. Rd7+ Kc8 24. Bb5 Ra8 25. Be3 Nb3 26. Rb1
Rxa2 27. Bxb6 Qh4 28. Rxg7 Qh1+ 29. Qf1 Qxf1+ 30. Kxf1 Nd2+ 31. Kg2 Nxb1 32.
Rc7+ Kb8 33. Rg7 Rxb2 34. Bc7+ Kb7 35. Bxd6+ Kb6 36. Bc4 Kc6 37. Bxe5 Rf8
38. Bd5+ Kc5 39. Rc7+ Kb6 40. Rb7+ Ka6 41. Rxb2 Na3 42. Bd6 Nb5 43. Bxf8 Kb6
44. c4 Kc7 45. Rxb5 Kd7 46. Rb7+ Ke8 47. Rxh7 Kxf8 48. Rxh6 Ke8 49. c5 Kd8
50. c6 Kc7 51. Rh7+ Kc8 52. Be6+ Kd8 53. c7+ Ke8 54. c8=Q# {Black
checkmated} 1-0

[Event "ICC tourney 2130 (75 10)"]
[Site "Internet Chess Club"]
[Date "2020.11.14"]
[Round "1"]
[White "tcquinlan"]
[Black "sakethk"]
[Result "0-1"]
[ICCResult "White resigns"]
[WhiteElo "979"]
[BlackElo "1190"]
[Opening "Giuoco Piano"]
[ECO "C54"]
[NIC "IG.02"]
[Time "10:02:26"]
[TimeControl "4500+10"]

1. e4 e5 2. Nf3 Nc6 3. Bc4 Bc5 4. c3 Nf6 5. d3 d6 6. d4 exd4 7. cxd4 Bb4+ 8.
Nc3 Nxe4 9. O-O Nxc3 10. Re1+ Ne7 11. Qc2 Nd5 12. Bxd5 Bxe1 13. Bxf7+ Kxf7
14. Qc4+ d5 15. Ne5+ Kg8 16. Qe2 Bb4 17. Bg5 Bd6 18. Re1 Qf8 19. a3 Ng6 20.
Qb5 c6 21. Nxc6 bxc6 22. Qxc6 Bf5 23. Qxd5+ Qf7 24. Qxa8+ Nf8 25. Qc6 h6 26.
Qxd6 hxg5 27. Re7 Qc4 28. h3 Qc1+ 29. Kh2 Qf4+ 30. Qxf4 gxf4 31. Rxa7 Ne6
32. d5 Nc5 33. b4 Nd7 34. b5 Kh7 35. a4 Rd8 36. g4 fxg3+ 37. fxg3 Nc5 38. a5
Rxd5 39. g4 Be4 40. Rc7 Nb7 41. a6 Rxb5 42. axb7 Bxb7 43. Kg3 Rb3+ 44. Kf4
Bg2 45. h4 Rf3+ 46. Kg5 Bf1 47. Re7 Ra3 48. h5 Bc4 49. h6 Ra5+ 50. Kh4 Kxh6
51. g5+ Kh7 52. Kg4 Kg8 53. Kf4 Kf8 54. Re3 Kf7 55. Rc3 Ra4 56. Kf5 Be6+ 57.
Ke5 Ra5+ 58. Kf4 Rf5+ 59. Kg4 Rc5+ {White resigns} 0-1

[Event "ICC tourney 2130 (75 10)"]
[Site "Internet Chess Club"]
[Date "2020.11.14"]
[Round "1"]
[White "oxdidi"]
[Black "michaelbarresi"]
[Result "0-1"]
[ICCResult "White resigns"]
[WhiteElo "1061"]
[BlackElo "483"]
[Opening "Sicilian"]
[ECO "B50"]
[NIC "SI.01"]
[Time "10:02:19"]
[TimeControl "4500+10"]

1. e4 c5 2. Nf3 d6 3. Bc4 Nc6 4. O-O g6 5. Re1 Bg7 6. Nc3 e6 7. d3 Nge7 8.
Bg5 O-O 9. Qd2 Qd7 10. Bh6 d5 11. exd5 exd5 12. Bb5 Re8 13. Rad1 a6 14. Bxc6
Qxc6 15. Qf4 d4 16. Ne2 Qf6 17. Ng3 Qxf4 18. Bxf4 Bg4 19. h3 Bxf3 20. gxf3
Nd5 21. Bd6 b6 22. Kg2 Rad8 23. Rxe8+ Rxe8 24. f4 Nb4 25. Bc7 b5 26. Bd6 Bf8
27. Be5 Nxc2 28. a3 Bg7 29. Rc1 Bxe5 30. fxe5 Ne3+ 31. fxe3 dxe3 32. Rxc5
Kg7 33. Kf3 f6 34. Kxe3 fxe5 35. Ke4 Rd8 36. Rxe5 h5 37. Re6 Rf8 38. Rxa6 h4
39. Ra7+ Kh6 40. Ne2 g5 41. Ra6+ Kh5 42. Rb6 Rf2 43. Ke3 Rf5 44. Nd4 Re5+
45. Kd2 g4 46. hxg4+ Kxg4 47. Nxb5 h3 48. Rg6+ Kf3 49. Nd4+ Kf2 50. Rh6 Kg2
51. Rg6+ Kf2 52. Rf6+ Kg2 53. Rg6+ Kf2 54. Ne2 Rxe2+ 55. Kc3 Re8 56. Rh6 Re3
57. a4 Kg2 58. a5 h2 59. Rg6+ Rg3 60. a6 Rxg6 61. a7 Ra6 62. a8=Q+
{White resigns}
0-1

[Event "ICC tourney 2130 (75 10)"]
[Site "Internet Chess Club"]
[Date "2020.11.14"]
[Round "1"]
[White "TemporaryOtter"]
[Black "ashshy"]
[Result "0-1"]
[ICCResult "White checkmated"]
[WhiteElo "800"]
[BlackElo "1100"]
[Opening "Alekhine's defense: modern variation"]
[ECO "B04"]
[NIC "AL.05"]
[Time "10:02:20"]
[TimeControl "4500+10"]

1. e4 Nf6 2. e5 Nd5 3. Nf3 d6 4. d4 Nc6 5. Bc4 Nb6 6. Qd3 g6 7. O-O Bg7 8.
Re1 Bf5 9. Qe2 Nxc4 10. h3 Nb6 11. c3 O-O 12. Bf4 Nd5 13. Bg3 Re8 14. Nbd2
a6 15. c4 Ndb4 16. Rad1 Nxa2 17. d5 Ncb4 18. Nb3 Nd3 19. Rf1 Nab4 20. Nc1
Nxc1 21. Rxc1 Bd3 22. Qe3 Bxf1 23. Rxf1 a5 24. Qc3 c6 25. Rd1 cxd5 26. cxd5
Rc8 27. Qb3 Qc7 28. Qa4 b6 29. exd6 exd6 30. b3 Be5 31. Nxe5 Nxd5 32. Nc4
Nc3 33. Qa3 Nxd1 34. Nxd6 Re1+ 35. Kh2 Rd8 36. Nf5 Qc2 37. Nh6+ Kg7 38. Bf4
Re4 39. Qa1+ Qb2 40. Qxb2+ Nxb2 41. Kg3 Rdd4 42. Bc1 Nd3 43. Be3 Rb4 44. Bd2
Rxb3 45. f3 Re5 46. f4 Re2 47. Ng4 Rxd2 48. h4 Ne5+ 49. Ne3 Rxe3+ 50. Kh2
Ng4+ 51. Kg1 Re1# {White checkmated} 0-1

[Event "ICC tourney 2130 (75 10)"]
[Site "Internet Chess Club"]
[Date "2020.11.14"]
[Round "1"]
[White "dsullivan3"]
[Black "abeamingpawn"]
[Result "0-1"]
[ICCResult "White resigns"]
[WhiteElo "890"]
[BlackElo "1131"]
[Opening "Queen's pawn game, Chigorin variation"]
[ECO "D02"]
[NIC "QP.08"]
[Time "10:03:50"]
[TimeControl "4500+10"]

1. d4 d5 2. Nf3 Nc6 3. Nc3 Nf6 4. Bf4 Bf5 5. a3 e6 6. e3 Bd6 7. Ne5 O-O 8.
Bb5 Bxe5 9. dxe5 Ne4 10. Nxe4 Bxe4 11. O-O f6 12. exf6 Qxf6 13. Bxc6 bxc6
14. Bxc7 Qxb2 15. Rb1 Qxc2 16. Qxc2 Bxc2 17. Rb7 Rfc8 18. Be5 g6 19. Rg7+
Kf8 20. Rxh7 Bd3 21. Rd1 Bc2 22. Rc1 Bd3 23. Bd4 a5 24. Rc3 Rcb8 25. h3 Bb5
26. Be5 Rc8 27. g3 Ke8 28. Bc7 Ra7 29. Rh8+ Kd7 30. Bb6 Rxh8 31. Bxa7 Rxh3
32. Bc5 e5 33. Kg2 Rh7 34. Rc1 g5 35. Rh1 Rxh1 36. Kxh1 g4 37. Kg2 Be2 38.
a4 Ke6 39. Bb6 Kd6 40. Bxa5 c5 41. Bc3 d4 42. exd4 exd4 43. Bd2 c4 44. a5 c3
45. Bc1 d3 46. Be3 d2 47. Bxd2 cxd2 {White resigns} 0-1

[Event "ICC tourney 2130 (75 10)"]
[Site "Internet Chess Club"]
[Date "2020.11.14"]
[Round "1"]
[White "wanderingeigeas"]
[Black "jacktconnelly"]
[Result "0-1"]
[ICCResult "White resigns"]
[WhiteElo "1157"]
[BlackElo "1188"]
[Opening "Caro-Kann: advance variation"]
[ECO "B12"]
[NIC "CK.04"]
[Time "10:02:27"]
[TimeControl "4500+10"]

1. e4 c6 2. d4 d5 3. e5 Bf5 4. Nf3 e6 5. Be3 Nd7 6. Nbd2 Rc8 7. Nb3 a6 8.
Bd3 Bxd3 9. Qxd3 c5 10. dxc5 Bxc5 11. O-O Bxe3 12. fxe3 Qc7 13. Qd4 Ne7 14.
Rf2 O-O 15. Raf1 Ng6 16. Qg4 Ndxe5 17. Nxe5 Nxe5 18. Qh5 f5 19. Nd4 Rf6 20.
h3 Rh6 21. Qg5 Qd6 22. Qg3 Rf8 23. Qf4 Rff6 24. Kh1 Rh5 25. Qh2 Rfh6 26. Kg1
Rf6 27. g4 fxg4 28. Rxf6 gxf6 29. Rxf6 Rxh3 30. Rxe6 Nf3+ 31. Nxf3 Qxe6 32.
Qb8+ Kg7 33. Qc7+ Qf7 34. Qxf7+ Kxf7 35. Ng5+ Kg6 36. Nxh3 gxh3 37. Kh2 Kf5
38. Kxh3 Ke4 39. Kg4 Kxe3 40. b3 Kd4 41. Kf4 b5 42. a3 a5 43. a4 b4 44. Kf5
Kc3 45. Ke5 d4 46. Ke4 h5 47. Kf4 Kxc2 48. Kg5 d3 {White resigns} 0-1

[Event "ICC tourney 2130 (75 10)"]
[Site "Internet Chess Club"]
[Date "2020.11.14"]
[Round "2"]
[White "Ashish0406"]
[Black "oxdidi"]
[Result "1-0"]
[ICCResult "Black resigns"]
[WhiteElo "1033"]
[BlackElo "1061"]
[Opening "King's Indian defense, 3.Nc3"]
[ECO "E61"]
[NIC "KI.80"]
[Time "13:33:17"]
[TimeControl "4500+10"]

1. d4 Nf6 2. c4 g6 3. Nc3 Bg7 4. Bf4 d6 5. e3 Nbd7 6. Bd3 O-O 7. Nf3 b6 8.
O-O Bb7 9. Re1 e6 10. e4 Qe7 11. Qd2 c5 12. d5 e5 13. Bh6 Rad8 14. Bxg7 Kxg7
15. Nb5 a6 16. Nc3 Nh5 17. g3 Nhf6 18. Kg2 Rfe8 19. a3 Qf8 20. b4 Kg8 21.
bxc5 Nxc5 22. Rab1 Ncd7 23. a4 a5 24. Nb5 Rc8 25. Qa2 Nc5 26. Bc2 Qh6 27.
Nxd6 Ng4 28. Nxe8 Rxe8 29. Rxb6 Bc8 30. d6 Nf6 31. Qb1 Qh5 32. Bd1 Qh3+ 33.
Kg1 Bg4 34. Re3 Bxf3 35. Bxf3 Ng4 36. Bxg4 Qxg4 37. Qb5 Nxe4 38. Qxe8+ Kg7
39. Qxe5+ Nf6 40. d7 Qd1+ 41. Kg2 Qxd7 42. Qxf6+ Kh6 43. g4 Qxg4+ 44. Rg3
Qe4+ 45. Qf3 Qd4 46. Rh3+ Kg7 47. Qf6+ Qxf6 48. Rxf6 Kxf6 49. Rxh7 Ke6 50.
Rh8 Kd6 51. Ra8 Kc5 52. Rxa5+ Kxc4 53. Rb5 f5 54. Rb1 g5 55. a5 g4 56. a6 f4
57. a7 f3+ 58. Kg3 {Black resigns} 1-0

[Event "ICC tourney 2130 (75 10)"]
[Site "Internet Chess Club"]
[Date "2020.11.14"]
[Round "2"]
[White "abeamingpawn"]
[Black "drewmartin"]
[Result "1-0"]
[ICCResult "Black checkmated"]
[WhiteElo "1092"]
[BlackElo "144"]
[Opening "Two knights defense (Modern bishop's opening)"]
[ECO "C55"]
[NIC "IG.01"]
[Time "13:32:42"]
[TimeControl "4500+10"]

1. e4 e5 2. Nf3 Nc6 3. Bc4 Nf6 4. d3 h6 5. Nc3 Bb4 6. Be3 Bxc3+ 7. bxc3 d5
8. exd5 Nxd5 9. Bxd5 Qxd5 10. O-O Bg4 11. Re1 O-O-O 12. a4 Rhe8 13. h3 Bxf3
14. Qxf3 e4 15. c4 Qe5 16. dxe4 Nd4 17. Bxd4 Rxd4 18. Qxf7 b6 19. Qf5+ Qxf5
20. exf5 Rxe1+ 21. Rxe1 Rxc4 22. Re7 Rf4 23. Rxg7 Rxf5 24. Rh7 Rf6 25. g4
Kb7 26. Kg2 Kc6 27. Kg3 Kd6 28. f4 a6 29. g5 hxg5 30. fxg5 Rf5 31. Kg4 Ke6
32. Rxc7 Rf2 33. Rc6+ Ke7 34. Rxb6 Rxc2 35. Rxa6 Rc4+ 36. Kh5 Kf7 37. a5 Rc5
38. Kh6 Kg8 39. Ra8+ Kf7 40. g6+ Kf6 41. Rf8+ Ke7 42. Rf4 Rxa5 43. g7 Ra6+
44. Kh7 Rf6 45. Rxf6 Kxf6 46. g8=Q Kf5 47. Qg6+ Kf4 48. Kg7 Ke5 49. Kf7 Kf4
50. Qh5 Ke4 51. Qg5 Kf3 52. Qh4 Ke3 53. Qg4 Kd3 54. Qf4 Ke2 55. Qg3 Kd2 56.
Qf3 Kc2 57. Qe3 Kd1 58. Qf2 Kc1 59. Ke6 Kd1 60. Kd5 Kc1 61. Kc4 Kd1 62. Kd3
Kc1 63. Qc2# {Black checkmated} 1-0

[Event "ICC tourney 2130 (75 10)"]
[Site "Internet Chess Club"]
[Date "2020.11.14"]
[Round "2"]
[White "johnzabraham"]
[Black "dsullivan3"]
[Result "1-0"]
[ICCResult "Black resigns"]
[WhiteElo "1067"]
[BlackElo "883"]
[Opening "Old Indian: Janowski variation"]
[ECO "A53"]
[NIC "OI.04"]
[Time "13:33:08"]
[TimeControl "4500+10"]

1. d4 Nf6 2. c4 d6 3. Nc3 Bf5 4. g3 Nc6 5. Bg2 e6 6. e4 Bg6 7. Nge2 Be7 8.
O-O O-O 9. Be3 Re8 10. Rc1 Bh5 11. Re1 h6 12. Qc2 Bg6 13. Nf4 e5 14. Nxg6
fxg6 15. d5 Nb4 16. Qd2 Nd7 17. a3 Na6 18. b4 c6 19. Bh3 c5 20. Be6+ Kh7 21.
b5 Nc7 22. Bh3 Nb6 23. Ne2 a6 24. Qa5 Nd7 25. b6 Nxd5 26. cxd5 Nxb6 27. Be6
Qc7 28. Rb1 Bd8 29. Qc3 Na4 30. Qb3 b5 31. f4 Qa5 32. fxe5 dxe5 33. Kg2 Bb6
34. Ng1 Rac8 35. Bxc8 Rxc8 36. Nf3 Ba7 37. Nxe5 c4 38. Qb4 Qxb4 39. axb4
Bxe3 40. Rxe3 c3 41. Rc1 c2 42. Nc6 Nb2 43. Rxc2 Nc4 44. Rxc4 bxc4 45. Rc3
Kg8 46. Ne7+ {Black resigns} 1-0

[Event "ICC tourney 2130 (75 10)"]
[Site "Internet Chess Club"]
[Date "2020.11.14"]
[Round "2"]
[White "traycon"]
[Black "wanderingeigeas"]
[Result "0-1"]
[ICCResult "White resigns"]
[WhiteElo "849"]
[BlackElo "1181"]
[Opening "English opening"]
[ECO "A13"]
[NIC "EO.64"]
[Time "13:32:29"]
[TimeControl "4500+10"]

1. c4 e6 2. Nc3 d5 3. e3 Nf6 4. Nf3 Nc6 5. Be2 d4 6. exd4 Nxd4 7. Nxd4 Qxd4
8. O-O Bd7 9. Nb5 Bxb5 10. cxb5 Bc5 11. d3 Nd5 12. Bf3 Rd8 13. Qe2 O-O 14.
Bxd5 Rxd5 15. Be3 Qb4 16. Bxc5 Qxc5 17. Rac1 Qd6 18. Rc3 Rxb5 19. Rfc1 c6
20. b3 Rd8 21. a4 Rd5 22. Rd1 Qe5 23. Qxe5 Rxe5 24. Kf1 g6 25. Re1 Rxe1+ 26.
Kxe1 Kg7 27. Ke2 f5 28. Rc4 Kf6 29. a5 Rd5 30. Rb4 Rb5 31. Rxb5 cxb5 32. d4
e5 33. Ke3 a6 34. f4 exf4+ 35. Kxf4 h6 36. g4 fxg4 37. Kxg4 Ke6 38. Kf4 Kd5
39. Ke3 g5 40. Kf3 Kxd4 41. Kg4 Kc3 42. Kh5 Kxb3 43. Kxh6 Ka4 44. Kxg5 b4
45. h4 b3 46. h5 b2 47. h6 b1=Q 48. h7 Qxh7 {White resigns} 0-1

[Event "ICC tourney 2130 (75 10)"]
[Site "Internet Chess Club"]
[Date "2020.11.14"]
[Round "2"]
[White "ashshy"]
[Black "tundrarules"]
[Result "0-1"]
[ICCResult "White checkmated"]
[WhiteElo "1055"]
[BlackElo "1109"]
[Opening "Scotch: Potter variation"]
[ECO "C45"]
[NIC "SO.05"]
[Time "13:32:35"]
[TimeControl "4500+10"]

1. e4 e5 2. Nf3 Nc6 3. d4 exd4 4. Nxd4 Bc5 5. Nb3 Bb6 6. Nc3 Nf6 7. Bg5 h6
8. Bh4 d6 9. Bd3 Be6 10. Nd5 g5 11. Nxb6 axb6 12. Bg3 h5 13. h3 h4 14. Bh2
Qd7 15. a3 O-O-O 16. Qd2 Rhg8 17. O-O-O Bxb3 18. cxb3 Qe6 19. Bc4 Qxe4 20.
Bxf7 Rgf8 21. Bd5 Nxd5 22. Qxd5 Qxd5 23. Rxd5 Rxf2 24. Rxg5 Nd4 25. b4 Nb3+
26. Kb1 Re8 27. Ka2 Nd4 28. Bg1 Rd2 29. Rd5 Re1 30. Rxd4 Rxd4 31. Bxd4 Rxh1
32. Bf6 Rg1 33. Bxh4 Rxg2 34. Bf6 Rg6 35. Be7 Rh6 36. h4 Kd7 37. Bg5 Rh5 38.
Kb3 Ke6 39. Kc4 c6 40. b5 c5 41. b4 d5+ 42. Kd3 c4+ 43. Kd4 Kd6 44. a4 Ke6
45. a5 bxa5 46. bxa5 Rh8 47. Kc5 Rc8+ 48. Kb6 d4 49. Kxb7 Re8 50. a6 c3 51.
a7 d3 52. a8=Q Rxa8 53. Kxa8 d2 54. b6 d1=Q 55. b7 Qa1+ 56. Kb8 Kd6 57. Kc8
Qa6 58. h5 Kc6 59. Kd8 Qxb7 60. Ke8 Qh7 61. h6 Kd5 62. Bc1 Ke6 63. Kf8 Qf7#
{White checkmated}
0-1

[Event "ICC tourney 2130 (75 10)"]
[Site "Internet Chess Club"]
[Date "2020.11.14"]
[Round "2"]
[White "TemporaryOtter"]
[Black "tcquinlan"]
[Result "0-1"]
[ICCResult "White checkmated"]
[WhiteElo "801"]
[BlackElo "1088"]
[Opening "Giuoco Piano"]
[ECO "C50"]
[NIC "IG.02"]
[Time "13:32:35"]
[TimeControl "4500+10"]

1. e4 e5 2. Nf3 Nc6 3. Bc4 Bc5 4. O-O Nf6 5. Nc3 O-O 6. d3 h6 7. h3 Re8 8.
Bd2 Na5 9. Bb3 Nxb3 10. cxb3 d5 11. exd5 Nxd5 12. Rc1 a6 13. Nxd5 Qxd5 14.
Bc3 Bd4 15. Bxd4 exd4 16. Re1 Bf5 17. Re2 c5 18. Qe1 Kf8 19. Ne5 f6 20. Nc4
Bxh3 21. f3 Bxg2 22. Rxg2 Rxe1+ 23. Rxe1 Qxf3 24. Nb6 Re8 25. Nd7+ Kf7 26.
Ne5+ Rxe5 27. Rxe5 fxe5 28. Rf2 Qxf2+ 29. Kxf2 Kf6 30. Kg3 Kf5 31. Kf3 g5
32. Kg3 e4 33. dxe4+ Kxe4 34. Kg4 d3 35. Kh5 g4 36. Kxg4 d2 37. Kg3 d1=Q 38.
b4 cxb4 39. a3 bxa3 40. bxa3 Qa4 41. Kg4 Qxa3 42. Kh5 b5 43. Kxh6 b4 44. Kg6
b3 45. Kf6 Qd6+ 46. Kg5 Qf4+ 47. Kg6 b2 48. Kh7 b1=Q 49. Kh8 Qg1 50. Kh7
Qh4# {White checkmated} 0-1

[Event "ICC tourney 2130 (75 10)"]
[Site "Internet Chess Club"]
[Date "2020.11.14"]
[Round "2"]
[White "sakethk"]
[Black "collywog"]
[Result "1-0"]
[ICCResult "Black checkmated"]
[WhiteElo "1196"]
[BlackElo "1047"]
[Opening "French: exchange, Svenonius variation"]
[ECO "C01"]
[NIC "FR.01"]
[Time "13:32:28"]
[TimeControl "4500+10"]

1. e4 e6 2. d4 d5 3. exd5 exd5 4. Nc3 Nf6 5. Bg5 Be6 6. Bd3 Nc6 7. Nf3 Bg4
8. Bb5 h6 9. Bxf6 Qxf6 10. Nxd5 Qe6+ 11. Ne3 O-O-O 12. d5 Qg6 13. c3 Bc5 14.
Qe2 Ne7 15. c4 a6 16. Ba4 Bb4+ 17. Kf1 Nf5 18. h3 Nd4 19. Qd1 Bxf3 20. Qxd4
c5 21. Qf4 Qd3+ 22. Kg1 Be2 23. Bc2 Qd2 24. Bf5+ Rd7 25. Bxd7+ Kxd7 26.
Qxf7+ Kc8 27. Qxg7 Re8 28. Nf5 Rd8 29. d6 Ba5 30. Qxh6 Qxb2 31. Qg7 Qc2 32.
Ne3 Qd3 33. Kh2 Qxd6+ 34. g3 Rf8 35. Rab1 Qc6 36. Qxf8+ Bd8 37. Nd5 Kd7 38.
Qf7+ Kd6 39. Qg6+ Kd7 40. Qxc6+ Kxc6 41. Rhe1 Bxc4 42. Nf4 Bxa2 43. Rbd1 Ba5
44. Re5 Bc7 45. Rf5 c4 46. h4 b5 47. Rf6+ Kc5 48. Ne6+ Kb4 49. Nxc7 a5 50.
Rb6 c3 51. Rxb5+ Ka4 52. Rd4+ Ka3 53. Rxa5+ Kb2 54. Rxa2+ Kxa2 55. Rc4 Kb3
56. Rxc3+ Kxc3 57. Kh3 Kd4 58. Kg4 Ke5 59. Kg5 Kd6 60. h5 Ke7 61. Kg6 Kf8
62. h6 Kg8 63. f4 Kh8 64. f5 Kg8 65. f6 Kh8 66. g4 Kg8 67. f7+ Kf8 68. Ne6+
Ke7 69. f8=Q+ Kd7 70. Nd4 Kc7 71. Qf5 Kd6 72. Kf6 Kc7 73. Qe6 Kb7 74. Qd6
Kc8 75. Qe7 Kb8 76. Ke6 Kc8 77. Kd6 Kb8 78. Kc6 Ka8 79. Qb7# {Black
checkmated} 1-0

[Event "ICC tourney 2130 (75 10)"]
[Site "Internet Chess Club"]
[Date "2020.11.14"]
[Round "2"]
[White "jacktconnelly"]
[Black "MissCalculation"]
[Result "1-0"]
[ICCResult "Black resigns"]
[WhiteElo "1090"]
[BlackElo "952"]
[Opening "Caro-Kann: advance variation"]
[ECO "B12"]
[NIC "CK.04"]
[Time "13:32:33"]
[TimeControl "4500+10"]

1. e4 c6 2. d4 d5 3. e5 Bf5 4. Bd3 Bxd3 5. Qxd3 e6 6. Nf3 Ne7 7. Bg5 Nd7 8.
Nbd2 h6 9. Bh4 Qb6 10. Nb3 Nf5 11. Bg3 Be7 12. O-O-O O-O-O 13. Bf4 Bb4 14.
g4 g5 15. Nxg5 hxg5 16. Bxg5 Rdg8 17. h4 Ng7 18. h5 Nxh5 19. gxh5 Rxg5 20.
h6 Bf8 21. f4 Rg2 22. h7 Bg7 23. f5 exf5 24. Qxf5 Qd8 25. Kb1 Qg5 26. Qxf7
Qg6 27. Qxg6 Rxg6 28. Rdf1 Rh6 29. Rxh6 Bxh6 30. Rf7 Nf8 31. Nc5 Nxh7 32.
Ne6 Kb8 33. Nc5 Kc8 34. Rxb7 Rg8 35. a4 Rg1+ 36. Ka2 a5 37. Rxh7 Be3 38. e6
Kd8 39. Nb7+ Ke8 40. c3 Bf4 41. Nxa5 Rg2 42. Nxc6 Bd6 43. Rh8+ Bf8 44. e7
Rf2 45. Rxf8+ Rxf8 46. exf8=Q+ Kxf8 47. a5 Ke8 48. a6 {Black resigns} 1-0

[Event "ICC tourney 2130 (75 10)"]
[Site "Internet Chess Club"]
[Date "2020.11.14"]
[Round "3"]
[White "oxdidi"]
[Black "dsullivan3"]
[Result "1-0"]
[ICCResult "Black resigns"]
[WhiteElo "1063"]
[BlackElo "833"]
[Opening "Giuoco Pianissimo"]
[ECO "C55"]
[NIC "IG.01"]
[Time "17:02:02"]
[TimeControl "4500+10"]

1. e4 e5 2. Nf3 Nc6 3. Bc4 Nf6 4. d3 Bc5 5. c3 O-O 6. Nbd2 d6 7. h3 h6 8.
O-O Nh5 9. Re1 Qf6 10. Nf1 Qg6 11. Nh4 Qe6 12. Bxe6 {Black resigns} 1-0

[Event "ICC tourney 2130 (75 10)"]
[Site "Internet Chess Club"]
[Date "2020.11.14"]
[Round "3"]
[White "drewmartin"]
[Black "traycon"]
[Result "0-1"]
[ICCResult "White checkmated"]
[WhiteElo "199"]
[BlackElo "849"]
[Opening "Caro-Kann defense"]
[ECO "B10"]
[NIC "CK.01"]
[Time "17:01:36"]
[TimeControl "4500+10"]

1. e4 c6 2. c3 d5 3. f3 dxe4 4. fxe4 Nf6 5. d3 Bg4 6. Be2 Bxe2 7. Nxe2 e6 8.
Bg5 Be7 9. Bxf6 Bxf6 10. O-O O-O 11. Nd2 Qb6+ 12. d4 Qxb2 13. Nc4 Qb5 14.
Nd6 Qb6 15. Rb1 Qc7 16. e5 Bg5 17. Nxb7 Nd7 18. Nd6 Nb6 19. Nf4 Nd5 20. Nxd5
cxd5 21. Nxf7 Rxf7 22. Rxf7 Qxf7 23. Qe2 Qf4 24. Rb2 Qe3+ 25. Kf1 Rf8+ 26.
Ke1 Qc1+ 27. Qd1 Qxb2 28. Qe2 Qxc3+ 29. Kd1 Qc1# {White checkmated} 0-1

[Event "ICC tourney 2130 (75 10)"]
[Site "Internet Chess Club"]
[Date "2020.11.14"]
[Round "3"]
[White "wanderingeigeas"]
[Black "Ashish0406"]
[Result "1-0"]
[ICCResult "Black checkmated"]
[WhiteElo "1184"]
[BlackElo "986"]
[Opening "Ponziani opening"]
[ECO "C44"]
[NIC "KP.05"]
[Time "17:01:34"]
[TimeControl "4500+10"]

1. e4 e5 2. Nf3 Nc6 3. c3 Bc5 4. d4 exd4 5. cxd4 Bb4+ 6. Bd2 Bxd2+ 7. Nbxd2
d6 8. Bc4 Bg4 9. Qb3 Qd7 10. Bxf7+ Qxf7 11. Qxb7 Rb8 12. Qxc6+ Qd7 13. Qxd7+
Kxd7 14. b3 Nf6 15. h3 Bxf3 16. gxf3 Rb4 17. d5 Rf8 18. Rg1 Nh5 19. Rg5 g6
20. Rg4 Rf4 21. Ke2 Rxg4 22. hxg4 Nf4+ 23. Ke3 g5 24. Rc1 c5 25. Rc4 Rb7 26.
Ra4 Ke7 27. Nc4 Nh3 28. Ra6 Rd7 29. e5 Nf4 30. exd6+ Ke8 31. Ke4 Ne2 32. Ne5
Rg7 33. d7+ Ke7 34. Rxa7 Kd8 35. Nc6# {Black checkmated} 1-0

[Event "ICC tourney 2130 (75 10)"]
[Site "Internet Chess Club"]
[Date "2020.11.14"]
[Round "3"]
[White "collywog"]
[Black "tcquinlan"]
[Result "0-1"]
[ICCResult "White checkmated"]
[WhiteElo "1024"]
[BlackElo "1139"]
[Opening "Vienna gambit"]
[ECO "C29"]
[NIC "VG.04"]
[Time "17:01:39"]
[TimeControl "4500+10"]

1. e4 e5 2. Nc3 Nf6 3. f4 d6 4. Nf3 Nc6 5. Bb5 exf4 6. d4 a6 7. Ba4 b5 8.
Bb3 Bb7 9. Ng5 d5 10. exd5 Ne7 11. Qe2 Nxd5 12. Nxd5 Bxd5 13. Bxf4 Bxb3 14.
cxb3 h6 15. Nf3 f6 16. Rc1 Rc8 17. O-O Kf7 18. Nh4 g5 19. Qh5+ Kg8 20. Ng6
Rh7 21. Bd2 Qxd4+ 22. Kh1 Qxd2 23. Nxe7+ Bxe7 24. Qg6+ Rg7 25. Qxh6 c5 26.
Rcd1 Qxb2 27. Rfe1 Rd8 28. Qh5 Rxd1 29. Rxd1 Qe5 30. g4 c4 31. Qe8+ Bf8 32.
Qc8 Qe4+ 33. Kg1 Qf3 34. Qe6+ Kh7 35. Qf5+ Qxf5 36. gxf5 c3 37. Rc1 Rc7 38.
Kf2 Ba3 39. Rc2 b4 40. Ke3 Rd7 41. Kf3 Rd2 42. Rxd2 cxd2 43. Ke2 Bb2 44.
Kxd2 Be5 45. h3 Kh6 46. Kd3 Kh5 47. Kc4 Bc3 48. Kc5 Kh4 49. Kb6 Kxh3 50.
Kxa6 g4 51. Kb6 g3 52. Kb5 g2 53. a4 bxa3 54. Kc4 g1=Q 55. b4 Bxb4 56. Kxb4
a2 57. Kc4 a1=Q 58. Kd5 Qae1 59. Kc4 Qg4+ 60. Kd5 Qge4+ 61. Kd6 Qd1+ 62. Kc5
Qec2+ 63. Kb4 Qdb1+ 64. Ka3 Qca2# {White checkmated} 0-1

[Event "ICC tourney 2130 (75 10)"]
[Site "Internet Chess Club"]
[Date "2020.11.14"]
[Round "3"]
[White "tundrarules"]
[Black "sakethk"]
[Result "1/2-1/2"]
[ICCResult "Game drawn by mutual agreement"]
[WhiteElo "1111"]
[BlackElo "1181"]
[Opening "Giuoco Piano"]
[ECO "C50"]
[NIC "IG.02"]
[Time "17:01:35"]
[TimeControl "4500+10"]

1. e4 e5 2. Nf3 Nc6 3. Bc4 Bc5 4. Nc3 d6 5. d3 Be6 6. Bb3 Nf6 7. Be3 Bb6 8.
Qd2 h6 9. h3 O-O 10. O-O Ba5 11. Bxe6 fxe6 12. a3 d5 13. exd5 exd5 14. b4
Nxb4 15. axb4 Bxb4 16. Qe1 d4 17. Bd2 dxc3 18. Bxc3 Bxc3 19. Qxc3 Re8 20.
Nxe5 Qd5 21. Rfe1 c6 22. Qc4 Qxc4 23. Nxc4 Rxe1+ 24. Rxe1 Kf8 25. Nd6 b6 26.
Re6 a5 27. Kf1 a4 28. Re1 Nd5 29. Ke2 Ke7 30. Nf5+ Kf6 31. Ne3 Nxe3 32. fxe3
Ke5 33. Kd2 b5 34. Kc3 c5 35. Kb2 Rf8 36. Ka3 Rf2 37. c4 b4+ 38. Kxa4 Rxg2
39. Kb5 Kd6 40. e4 {Game drawn by mutual agreement} 1/2-1/2